AoeStats
← Lord Reed 5th

Arabia

510117773Analyzed
1v1 RM · 3d ago on Sep 29, 2026· 37m 12s· 2 players
Game mode
Random Map
Map size
Tiny (2 player)
Population
200
Speed
Normal
Resources
Standard
Victory
Conquest
Starting age
Dark Age
Ending age
Imperial Age
RankedLock teamsTeams togetherTeam positionsShared explorationLock speedFull tech treeHidden civsTurbo modeCheats
Victory
Defeat
🇬🇧 Japanese · United Kingdom
1162
+15
🇧🇷 Danes · Brazil
1133
-15
Lord Reed 5th
6:57 Loom
9:41 Feudal Age
9:42 Man-at-Arms
16:43 Scale Mail Armor
20:04 Forging
23:43 Castle Age
23:43 Double-Bit Axe
23:53 Horse Collar
24:51 Chain Mail Armor
25:29 Squires
24:54 Long Swordsman
26:14 Arson
28:02 Iron Casting
27:54 Fletching
30:58 Bow Saw
Nebrown#1 JUGGERNAUT
7:06 Loom
10:04 Feudal Age
14:32 Fletching
16:26 Horse Collar
16:51 Double-Bit Axe
18:21 Padded Archer Armor
22:53 Castle Age
24:05 Bodkin Arrow
25:23 Leather Archer Armor
29:15 Ballistics
30:08 Arson
30:24 Squires
33:04 Wheelbarrow
33:36 Thumb Ring
Connection lost

Rejoining the realm…

Still unreachable

The connection could not be restored.

Session expired

The server has moved on; the page needs a fresh start.